 Dungeon Crawl Stone Soup version 0.20.1-1-g8b1a95d (webtiles) character file.

2200 Gremour the Carver (level 9, -1/64 HPs)
             Began as a Formicid Fighter on Nov 9, 2017.
             Was a Follower of Qazlal.
             Slain by an ice beast (12 damage)
             ... on level 6 of the Dungeon.
             The game lasted 00:35:16 (7122 turns).

Gremour the Carver (Formicid Fighter)               Turns: 7122, Time: 00:35:17

Health: -1/64      AC:  9    Str: 21    XL:     9   Next: 60%
Magic:  9/9        EV:  7    Int:  6    God:    Qazlal [*.....]
Gold:   313        SH: 11    Dex: 13    Spells: 8/8 levels left

rFire    . . .     SeeInvis +   a - +0 long sword
rCold    . . .     Gourm    .   c - +0 shield
rNeg     . . .     Faith    .   b - +0 scale mail
rPois    .         Spirit   .   (helmet unavailable)
rElec    .         Reflect  .   m - +1 cloak
rCorr    .         Harm     .   (no gloves)
MR       .....     Clarity  +   (no boots)
Stlth    ..........             (no amulet)
Regen    0.2/turn               (no ring)
MPRegen  0.2/turn               (no ring)

@: no status effects
A: permanent stasis, dig shafts and tunnels, four strong arms, antennae 3,
clarity, dopey 1, evolution 1
a: Dig, Shaft Self, Renounce Religion


You were on level 6 of the Dungeon.
You worshipped Qazlal.
Qazlal was aware of your devotion.
You were hungry.

You visited 2 branches of the dungeon, and saw 7 of its levels.
You also visited: Sewer.

You collected 313 gold pieces.

Inventory:

Hand Weapons
 a - a +0 long sword (weapon)
 u - a +1 whip of flaming
 v - the +7 hand axe of Generosity {pain, rPois rN+}
   (You found it on level 4 of the Dungeon)

   In the hands of one skilled in necromantic magic, it inflicts extra damage on
   living creatures.
   It protects you from poison.
   It protects you from negative energy.
 w - a +2 flail of holy wrath
Armour
 b - a +0 scale mail (worn)
 c - a +0 shield (worn)
 m - a +1 cloak (worn)
Wands
 e - a wand of iceblast (10/15)
 q - a wand of flame (20/48)
 r - a wand of scattershot (3/9)
Scrolls
 g - 2 scrolls of remove curse {unknown}
 i - a scroll of enchant weapon {unknown}
 j - 3 scrolls of enchant armour {unknown}
 k - 7 scrolls of identify
 l - a scroll of amnesia
 o - 2 scrolls of fog {unknown}
 x - a scroll of fear {unknown}
Potions
 d - 4 potions of might
 p - 4 potions of flight
 z - a potion of mutation
 A - a potion of curing
Comestibles
 f - 4 bread rations
 h - 4 royal jellies
 n - 3 meat rations


   Skills:
 - Level 3.3 Fighting
 * Level 11.9 Long Blades
 - Level 0.4 Axes
 - Level 3.2 Armour
 - Level 3.6 Shields
 + Level 0.2 Evocations


You had 8 spell levels left.
You didn't know any spells.

Dungeon Overview and Level Annotations

Branches:
Dungeon (6/15)             Temple (1/1) D:4

Altars:
Ashenzari
Cheibriados
Dithmenos
Fedhas
Kikubaaqudgha
Okawaru
Qazlal
Ru
Sif Muna
Trog
Uskayaw
Vehumet
Xom
Yredelemnul
Zin
The Shining One


Innate Abilities, Weirdness & Mutations

You cannot be hasted, slowed, berserked, paralysed or teleported.
You can dig through walls and to a lower floor.
Your four strong arms can wield two-handed weapons with a shield.
You have a pair of large antennae on your head. (SInv)
You possess an exceptional clarity of mind.
You are dopey. (Int -2)
You evolve.


Message History

Found 2 potions of brilliance.
You see here a scale mail.
Items here: ))) [[ a club; a dagger; a robe; a flail; a ring mail An ice beast comes into view.
You hit the ice beast.
The ice beast is lightly wounded.
You block the ice beast's attack.
You hit the ice beast but do no damage.
The ice beast is lightly wounded.
The ice beast hits you.
* * * LOW HITPOINT WARNING * * *
The ice beast freezes you!
* * * LOW HITPOINT WARNING * * *
Your shield and scale mail prevent you from hitting the ice beast.
The ice beast is lightly wounded.
The ice beast hits you.
* * * LOW HITPOINT WARNING * * *
The ice beast freezes you!
You die...

.#.≈≈≈≈# ##.....>..<##.#
(#≈...≈# ###.....## #.#
.##.#..########......# #.#
.(.((................# #.#
.....(####...........# ##.###
......####.###.......# #....#
......)....##......#.###.(..#
.................Y.#........#
........########@#######.<..#
......#... #.# #....#
......#### ##)## ######
......# #.[.# ......#
#!.....# .##.### ####...#
....## #...# ###..### #...#
#....<.# #####


You could see an ice beast.

Vanquished Creatures
  Pikel (D:5)
  Grinder (D:5)
  Edmund (D:4)
  2 ice beasts (D:5)
  3 slaves (D:5)
  A phantom (D:6)
  2 centaurs (D:6)
  Blork the orc (D:5)
  3 crimson imps (D:5)
  A centaur skeleton (D:5)
  An orc priest (D:6)
  3 hounds
  2 jellies (D:5)
  Crazy Yiuf (D:5)
  Terence (D:3)
  Natasha (thrice) (D:3)
  2 iguanas (D:4)
  2 orc wizards
  4 worker ants
  Robin (D:2)
  11 adders
  A gnoll (D:3)
  An adder zombie (D:5)
  3 worms
  4 leopard geckos
  22 orcs
  19 giant cockroaches
  12 goblins
  11 hobgoblins
  20 jackals
  11 kobolds
  4 quokkas
  3 ball pythons (Sewer)
  A ball python skeleton (D:4)
  3 bats (D:2)
  8 frilled lizards
  8 rats
  4 plants (Sewer)
182 creatures vanquished.

Notes
Turn   | Place    | Note
-------+----------+-------------------------------------------
     0 | D:1      | Gremour the Formicid Fighter began the quest for the Orb.
     0 | D:1      | Reached XP level 1. HP: 18/18 MP: 1/1
   144 | D:1      | Reached XP level 2. HP: 24/24 MP: 2/2
   481 | D:1      | Reached skill level 3 in Long Blades
   560 | D:2      | Reached XP level 3. HP: 25/29 MP: 3/3
   891 | D:2      | Reached XP level 4. HP: 27/35 MP: 4/4
   900 | D:2      | Reached skill level 4 in Long Blades
  1312 | D:2      | Found a radiant altar of Vehumet.
  1413 | D:2      | Noticed Robin
  1437 | D:2      | Reached XP level 5. HP: 29/41 MP: 5/5
  1441 | D:2      | Killed Robin
  1517 | D:2      | Reached skill level 5 in Long Blades
  1844 | D:3      | Noticed Natasha
  1850 | D:3      | Killed Natasha
  2138 | D:3      | Noticed Terence
  2173 | D:3      | Killed Terence
  2173 | D:3      | Reached XP level 6. HP: 33/47 MP: 6/6
  2355 | D:3      | Found a shimmering altar of Xom.
  2500 | D:3      | Found an iron altar of Okawaru.
  2517 | D:3      | Reached skill level 6 in Long Blades
  2646 | D:3      | Noticed Natasha
  2662 | D:3      | Killed Natasha
  2871 | D:3      | Noticed Natasha
  2881 | D:3      | Killed Natasha
  3004 | D:4      | Reached XP level 7. HP: 48/52 MP: 7/7
  3097 | D:4      | Reached skill level 7 in Long Blades
  3742 | D:4      | Found a staircase to the Ecumenical Temple.
  3826 | D:4      | Noticed Edmund
  3850 | D:4      | Killed Edmund
  3850 | D:4      | Reached skill level 8 in Long Blades
  3968 | Temple   | Entered the Ecumenical Temple
  4002 | Temple   | Became a worshipper of Qazlal Stormbringer
  4185 | D:4      | Got a scorched hand axe
  4186 | D:4      | Identified the +7 hand axe of Generosity {pain, rPois rN+} (You found it on level 4 of the Dungeon)
  4468 | D:5      | Entered Level 5 of the Dungeon
  4569 | D:5      | Found a bloodstained altar of Trog.
  4681 | D:5      | Noticed Grinder
  4702 | D:5      | Gained mutation: You possess an exceptional clarity of mind. [potion of mutation]
  4702 | D:5      | Gained mutation: You evolve. [potion of mutation]
  4711 | D:5      | Killed Grinder
  4711 | D:5      | Reached skill level 9 in Long Blades
  4711 | D:5      | Reached XP level 8. HP: 34/58 MP: 8/8
  4737 | D:5      | Found a glowing golden altar of the Shining One.
  4816 | D:5      | Found a glowing drain.
  4828 | Sewer    | Entered a sewer
  5170 | Sewer    | Reached * piety under Qazlal
  5725 | D:5      | Found a runed door.
  5730 | D:5      | Noticed Crazy Yiuf
  5733 | D:5      | Killed Crazy Yiuf
  6148 | D:5      | Noticed Pikel
  6167 | D:5      | Gained mutation: You are dopey. (Int -2) [evolution]
  6193 | D:5      | Killed Pikel
  6193 | D:5      | Reached skill level 11 in Long Blades
  6193 | D:5      | Reached XP level 9. HP: 24/64 MP: 9/9
  6307 | D:5      | Noticed Blork the orc
  6319 | D:5      | Killed Blork the orc
  6834 | D:6      | Found a blossoming altar of Fedhas.
  7122 | D:6      | Slain by an ice beast

Skill      XL: |  1  2  3  4  5  6  7  8 |
---------------+-------------------------+-----
Long Blades    | 3 4 5 6 9 11 | 11.9
Fighting       | |  3.3
Axes           | |  0.4
Armour         | |  3.2
Shields        | |  3.6
Evocations     | |  0.2

Action                   |  1- 3 |  4- 6 |  7- 9 || total
-------------------------+-------+-------+-------++-------
Melee: Long sword        |    93 |   254 |   494 ||   841
       Hand axe          |       |       |     9 ||     9
 Abil: Dig               |       |     1 |     7 ||     8
Evoke: Wand              |       |       |     2 ||     2
  Use: Potion            |       |     3 |    10 ||    13
       Scroll            |       |       |     5 ||     5
  Eat: Chunk             |       |     7 |    12 ||    19
       Fruit             |       |       |     3 ||     3
Armor: Scale mail        |    58 |    93 |   133 ||   284
       Skin              |       |     7 |       ||     7
Dodge: Dodged            |    24 |    82 |    89 ||   195
Block: Shield            |    51 |   119 |   210 ||   380
       Rpst.: Long sword |     7 |    29 |    28 ||    64
